 Dungeon Crawl Stone Soup version 0.17-a0-1450-g7e755d1 (webtiles) character file.

211 Sirial the Chiller (level 5, -1/32 HPs)
             Began as a Demonspawn Ice Elementalist on June 30, 2015.
             Killed by miscasting Throw Icicle (19 damage)
             ... on level 3 of the Dungeon.
             The game lasted 00:13:49 (1936 turns).

Sirial the Chiller (Demonspawn Ice Elementalist)    Turns: 1936, Time: 00:13:49

Health: -1/32      AC:  4    Str:  7 (8)  XL:     5   Next: 57%
Magic:  5/10       EV: 13    Int: 17      God:
Gold:   91         SH:  0    Dex: 14      Spells: 2 memorised, 6 levels left

rFire  . . .     SeeInvis .     f - +2 short sword (speed)
rCold  . . .     Clarity  .     a - +1 robe
rNeg   . . .     SustAt   .     (no shield)
rPois  .         Gourm    .     (no helmet)
rElec  .         Spirit   .     (no cloak)
rCorr  .         Warding  .     (no gloves)
rMut   .         Stasis   .     (no boots)
MR     .....                    (no amulet)
Stlth  ++........               (no ring)
                                (no ring)

@: very slightly contaminated, not resistant to hostile enchantments, unstealthy
A: icy blue scales 1, blink 1, deterioration 1, frail 1, spiny 1
a: Blink


You were on level 3 of the Dungeon.
You were not hungry.

You visited 1 branch of the dungeon, and saw 3 of its levels.

You collected 91 gold pieces.

Inventory:

Hand weapons
 e - a +0 club
 f - a +2 short sword of speed (weapon)
Armour
 a - a +1 robe (worn)
Scrolls
 c - a scroll of fog
 g - 3 scrolls of enchant armour
 h - a scroll of remove curse
 i - 3 scrolls of teleportation
Books
 b - a book of Frost

   Spells                             Type                      Level
   a - Freeze                         Ice                          1
   b - Throw Frost                    Conjuration/Ice              2
   c - Ozocubu's Armour               Charms/Ice                   3
   d - Throw Icicle                   Conjuration/Ice              4
   e - Summon Ice Beast               Ice/Summoning                4
   f - Condensation Shield            Ice                          4
Comestibles
 d - 2 fruits


   Skills:
 + Level 0.6 Fighting
 + Level 0.3 Short Blades
 + Level 2.4 Dodging
 + Level 2.3 Stealth
 + Level 3.5 Spellcasting
 + Level 1.8 Conjurations
 + Level 3.8 Ice Magic


You had 6 spell levels left.
You knew the following spells:

 Your Spells              Type           Power        Failure   Level  Hunger
a - Freeze                Ice            ###.         3%          1    None
c - Throw Icicle          Conj/Ice       ##......     58%         4    ####...


Dungeon Overview and Level Annotations

Branches:
Dungeon (3/15)

Altars:


Innate Abilities, Weirdness & Mutations

You are partially covered in icy blue scales (AC +1).
You are partially covered in sharp spines.
You can translocate small distances at will.
Your body sometimes deteriorates upon taking damage.
You are frail (-10% HP).


Message History

Press: ? - help, Shift-Dir - straight line, f - orc
Aim: an orc, wielding a short sword (moderately wounded)
You freeze the orc.
The orc is almost dead.
The orc is struck by your spines.
You kill the orc!
You see here a short sword.
The gnoll shouts!
The gnoll barely misses you.
Casting: Freeze
Confirm with . or Enter, or press ? or * to list all spells.
The spell is very dangerous to cast!
Continue anyway?
Aiming: Throw Icicle
Press: ? - help, Shift-Dir - straight line, f - gnoll
Aim: a gnoll, wielding a spear and wearing a scale mail You miscast Throw Icicle.
You are very lightly contaminated with residual magic.
Energy rips through your body!
Ouch! That really hurt!
You die...

######### ##.......##
#.........# #
#.........# . #
#.........# ... #
#.####.........#..... ##
#.........)..@%gg....
.#########........##....
..## #.###....# . #..##
#.# #....# ##..######)#
#...... ##.....#...#
#....... .........###
......... #.....##.##
#.>...###. ##....<...##
..#


You could see 2 gnolls.

Vanquished Creatures
  A hound (D:3)
  A crimson imp (D:3)
  An orc wizard (D:3)
  5 adders
  A gnoll (D:2)
  A worm (D:2)
  A giant gecko (D:2)
  8 orcs (D:3)
  6 bats (D:1)
  4 giant cockroaches (D:1)
  5 goblins
  7 hobgoblins
  A quokka (D:3)
  2 ball pythons
  6 giant newts
  8 kobolds
  7 rats
65 creatures vanquished.

Notes
Turn   | Place    | Note
--------------------------------------------------------------
     0 | D:1      | Sirial the Demonspawn Ice Elementalist began the quest for the Orb.
     0 | D:1      | Reached XP level 1. HP: 13/13 MP: 3/3
   222 | D:1      | Gained mutation: You are partially covered in icy blue scales (AC +1). [demonic ancestry]
   222 | D:1      | Reached XP level 2. HP: 10/19 MP: 3/5
   226 | D:1      | Learned a level 2 spell: Throw Frost
   290 | D:1      | Reached skill level 3 in Ice Magic
   742 | D:1      | Reached XP level 3. HP: 15/24 MP: 0/6
   930 | D:2      | Gained mutation: You are frail (-10% HP). [potion of mutation]
   930 | D:2      | Gained mutation: You can translocate small distances at will. [potion of mutation]
   930 | D:2      | Gained mutation: Your body sometimes deteriorates upon taking damage. [potion of mutation]
  1419 | D:2      | Reached XP level 4. HP: 24/27 MP: 0/8
  1483 | D:2      | Learned a level 4 spell: Throw Icicle
  1721 | D:3      | Gained mutation: You are partially covered in sharp spines. [demonic ancestry]
  1721 | D:3      | Reached XP level 5. HP: 8/32 MP: 1/9
  1936 | D:3      | Killed by miscasting Throw Icicle

Vault maps used:
D:1:      nagdon_arrival_double_spiral, hex_tiny, kennysheep_doodads,
          nrook_mini_vaults, hangedman_feature_mirror

Action                   |  1- 3 |  4- 6 || total
-------------------------+-------+-------++-------
Melee: Club              |    31 |       ||    31
       Unarmed           |     4 |       ||     4
       Short sword       |    41 |    46 ||    87
 Cast: Freeze            |    30 |     5 ||    35
       Throw Frost       |    23 |     3 ||    26
       Throw Icicle      |       |     1 ||     1
  Use: Scroll            |     8 |     3 ||    11
       Potion            |     3 |     1 ||     4
 Stab: Sleeping          |     2 |       ||     2
  Eat: Bread ration      |     1 |       ||     1
       Royal jelly       |       |     1 ||     1
       Beef jerky        |       |     1 ||     1
